 Dungeon Crawl Stone Soup version 0.28.0-47-ge53b351184 (webtiles) character file.

Game seed: 10204679799312598913

627 NinjaNoafa the Skirmisher (level 7, -4/85 (91) HPs)
             Began as a Minotaur Monk on Apr 28, 2022.
             Was a Priest of Trog.
             Slain by a wight
             ... wielding a +3 scimitar
              (7 damage)
             ... on level 5 of the Dungeon.
             The game lasted 00:10:08 (4724 turns).

NinjaNoafa the Skirmisher (Minotaur Monk)           Turns: 4724, Time: 00:10:08

HP:   -4/85 (91)    AC: 17    Str: 21      XL:     7   Next: 23%
MP:   6/6           EV:  8    Int:  4 (5)  God:    Trog [***...]
Gold: 15            SH:  0    Dex: 16 (17) Spells: 6/6 levels left

rFire   . . .      SeeInvis .   e - +1 flail (protect)
rCold   . . .      Faith    .   p - -5 buckler of Music {-Tele Str+4 Dex+4}
rNeg    . . .      Spirit   .   k - +0 chain mail
rPois   .          Reflect  .   n - +1 hat
rElec   .          Harm     .   (no cloak)
rCorr   .          Rampage  .   (no gloves)
Will    .....      NoTele   +   (no boots)
Stlth   ..........              (no amulet)
HPRegen 0.24/turn               (no ring)
MPRegen 0.10/turn               (no ring)

@: berserking (expiring), under a protective aura, drained, very quick
A: horns 2, retaliatory headbutt, dopey 1
a: Renounce Religion, Berserk, Trog's Hand


You were on level 5 of the Dungeon.
You worshipped Trog.
Trog was most pleased with you.
You visited 1 branch of the dungeon, and saw 5 of its levels.

You collected 290 gold pieces.
You spent 275 gold pieces at shops.

Inventory:

Hand Weapons
 e - a +1 flail of protection (weapon)
Missiles
 a - 2 boomerangs
 b - 3 silver boomerangs
 i - 5 poisoned darts
 l - 5 javelins (quivered)
Armour
 k - a +0 chain mail (worn)
 n - a +1 hat (worn)
 p - the -5 buckler of Music (worn) {-Tele Str+4 Dex+4}
   (You bought it in a shop on level 3 of the Dungeon)

   Str:       It affects your strength (+4).
   Dex:       It affects your dexterity (+4).
   -Tele:     It prevents most forms of teleportation.
Scrolls
 d - a scroll of teleportation
 f - 2 scrolls of identify
 h - a scroll of vulnerability


   Skills:
 + Level 5.2 Fighting
 - Level 3.5 Short Blades
 - Level 3.6(4.2) Axes
 + Level 3.2(4.0) Maces & Flails
 + Level 4.0 Armour
 - Level 3.2 Dodging
 - Level 1.5 Stealth
 + Level 4.4 Shields
 - Level 0.4 Spellcasting


You had 6 spell levels left.
You didn't know any spells.
Your spell library contained the following spells:

 Spells                   Type           Power      Damage    Failure   Level
 Sandblast                Erth           0%         2d4       100%        1
 Passwall                 Tmut/Erth      0%         N/A       100%        2
 Stone Arrow              Conj/Erth      0%         3d7       100%        3
 Blade Hands              Tmut           0%         N/A       100%        5
 Irradiate                Conj/Tmut      0%         3d13      100%        5
 Dragon Form              Tmut           0%         N/A       100%        7


Dungeon Overview and Level Annotations

Branches:
Dungeon (5/15)
 Temple: D:4-7

Altars:
Fedhas
Gozag
Hepliaklqana
Okawaru
Trog
Wu Jian
Xom

Shops:
D:3 [


Innate Abilities, Weirdness & Mutations

You have a pair of horns on your head.
You reflexively headbutt those who attack you in melee.
You are dopey. (Int -2)


Message History

You feel yourself moving faster!
You feel mighty! The wight hits you with a +0 hand axe.
* * * LOW HITPOINT WARNING * * *
The wight hits you with a +3 scimitar.
* * * LOW HITPOINT WARNING * * *
The wight barely misses you. You furiously retaliate!
You headbutt the wight!
Okay, then.
You feel a strong urge to attack something.
The wight closely misses you.
You thump the wight!
Your weapon exudes an aura of protection.
You destroy the wight!
Trog accepts your kill.
You feel your dexterity returning.
Your Maces & Flails skill increases to level 3!
You barely miss the wight. You sock the bullfrog skeleton!
You destroy the bullfrog skeleton!
Trog accepts your kill.
The wight hits you but does no damage. x2
Training target 4.0 for Maces & Flails reached!
You need to enable at least one skill for training.
Okay, then.
You closely miss the wight. The wight hits you with a +3 scimitar.
* * * LOW HITPOINT WARNING * * *
You feel drained. The wight barely misses you.
You barely miss the wight.
The wight is heavily damaged.
The wight hits you with a +3 scimitar.
* * * LOW HITPOINT WARNING * * *
You feel drained.
* * * LOW HITPOINT WARNING * * *
The wight hits you with a +0 battleaxe.
* * * LOW HITPOINT WARNING * * *
You barely miss the wight. You thump the wight!
You destroy the wight!
Trog accepts your kill. The wight hits you with a +3 scimitar!
You die...

.### ...### .....##
......### ..#
........#### ..
...........### #.
.............### .#
...............#### #.#
................@)###..#
................z.....#
..................)..)#
......###############†#
.....## ... .....# #!...
###.## #..... #).# .....
#..# (...


You could see a wight.

Vanquished Creatures
  An ogre (D:5)
  A scorpion (D:5)
  3 wights (D:5)
  A bullfrog skeleton (D:5)
  2 hounds (D:5)
  A gnoll shaman (D:5)
  An iguana (D:5)
  9 gnolls
  5 adders
  A white imp (D:5)
  An adder skeleton (D:4)
  4 worms
  A dart slug (D:1)
  6 orcs
  9 ball pythons
  A bat (D:1)
  7 endoplasms
  3 giant cockroaches
  7 goblins
  5 hobgoblins
  A jackal (D:3)
  3 quokkas
  4 frilled lizards
  12 kobolds
  12 rats
  A bush (D:3)
102 creatures vanquished.

Notes
Turn   | Place    | Note
-------+----------+-------------------------------------------
     0 | D:1      | NinjaNoafa the Minotaur Monk began the quest for the Orb.
     0 | D:1      | Reached XP level 1. HP: 19/19 MP: 0/0
   121 | D:1      | Reached skill level 1 in Armour
   232 | D:1      | Reached XP level 2. HP: 27/27 MP: 1/1
   265 | D:1      | Reached skill level 1 in Short Blades
  1036 | D:2      | Reached XP level 3. HP: 33/33 MP: 2/2
  1038 | D:2      | Reached skill level 4 in Fighting
  1069 | D:2      | Found a faded altar of an unknown god.
  1182 | D:2      | Found a hazy altar of Hepliaklqana.
  1569 | D:3      | Found a bloodstained altar of Trog.
  1575 | D:3      | Became a worshipper of Trog the Wrathful
  1575 | D:3      | Reached * piety under Trog
  1575 | D:3      | Reached ** piety under Trog
  1950 | D:3      | Found Fosy's Antique Armour Boutique.
  2078 | D:3      | Found a blossoming altar of Fedhas.
  2212 | D:3      | Found an ornate altar of the Wu Jian Council.
  2251 | D:3      | Found a shimmering altar of Xom.
  2251 | D:3      | Found an opulent altar of Gozag.
  2255 | D:3      | Reached XP level 4. HP: 33/40 MP: 3/3
  2480 | D:3      | Found an iron altar of Okawaru.
  2781 | D:3      | Gained mutation: You are dopey. (Int -2) [potion of
                  | mutation]
  3388 | D:4      | Reached XP level 5. HP: 47/47 MP: 4/4
  3777 | D:4      | Reached *** piety under Trog
  3966 | D:3      | Bought a jewelled buckler for 275 gold pieces
  3966 | D:3      | Identified the -5 buckler of Music {-Tele Str+4 Dex+4} (You
                  | bought it in a shop on level 3 of the Dungeon)
  4027 | D:5      | Entered Level 5 of the Dungeon
  4044 | D:5      | Noticed an ogre
  4061 | D:5      | Killed an ogre
  4062 | D:5      | Reached XP level 6. HP: 18/55 MP: 5/5
  4337 | D:5      | Reached skill level 5 in Fighting
  4700 | D:5      | Reached skill level 1 in Maces & Flails
  4707 | D:5      | Reached XP level 7. HP: 37/60 MP: 6/6
  4721 | D:5      | HP: 3/85 [wight/+0 battleaxe (4)]
  4724 | D:5      | Slain by a wight

Illustrated notes

Levels and vault maps discovered:
D:1:      amcnicky_arrival_feature_with_door, layout_basic
D:2:      layout_basic, hellmonk_ecumenical_altar_arch_garden, basic_altar,
          nicolae_wormholes
D:3:      minmay_bubble_buster, layout_loops_ring, lemuel_doored_altar,
          lemuel_round_altar, fedhas_altar_4,
          gammafunk_temple_overflow_forgotten, serial_shops,
          nicolae_shop_hallway_plus
D:4:      layout_basic, hangedman_decor_slide_cut
D:5:      layout_cave_pods, chequers_ossuary_entry_cave

Skill      XL: |  1  2  3  4  5  6  7 |
---------------+----------------------+-----
Armour         | 1 2 3 4 |  4.0
Short Blades   | 1 2 3 |  3.5
Fighting       | 4 5 |  5.2
Shields        | 3 4 |  4.4
Maces & Flails | 2 3 |  3.2
Axes           | |  3.6
Dodging        | |  3.2
Stealth        | |  1.5
Spellcasting   | |  0.4

Action                   |  1- 3 |  4- 6 |  7- 9 || total
-------------------------+-------+-------+-------++-------
Melee: Dagger            |    85 |   132 |       ||   217
       Hand axe          |     3 |       |       ||     3
       Headbutt          |    20 |    30 |     4 ||    54
       Punch             |     2 |     1 |       ||     3
       Flail             |       |    14 |    12 ||    26
Throw: Javelin           |    23 |     7 |       ||    30
       Dart              |     1 |     2 |       ||     3
       Boomerang         |       |     7 |       ||     7
Invok: Berserk           |       |     1 |     1 ||     2
  Use: Potion            |       |     6 |       ||     6
       Scroll            |       |     4 |       ||     4
 Stab: Sleeping          |     1 |     1 |       ||     2
Armor: Robe              |     4 |       |       ||     4
       Leather armour    |     2 |    12 |       ||    14
       Chain mail        |       |    73 |     9 ||    82
       Skin              |       |     4 |       ||     4
Dodge: Dodged            |    30 |    72 |     8 ||   110
